 Dungeon Crawl Stone Soup version 0.23.0-3-gf3c87f2 (webtiles) character file.

Game seed: 6233189857928366028

35 vishdafish the Charmwright (level 3, 0/31 HPs)
             Began as a Gnoll Skald on Feb 19, 2019.
             Slain by a kobold
             ... wielding a +0 club
              (4 damage)
             ... on level 2 of the Dungeon.
             The game lasted 00:01:31 (1044 turns).

vishdafish the Charmwright (Gnoll Skald)            Turns: 1044, Time: 00:01:32

Health: 0/31       AC:  3    Str: 13    XL:     3   Next: 33%
Magic:  5/9        EV: 14    Int: 16    God:
Gold:   100        SH:  0    Dex: 14    Spells: 11/12 levels left

rFire    . . .     SeeInvis .   a - +0 falchion
rCold    . . .     Gourm    .   (no shield)
rNeg     . . .     Faith    .   b - +0 leather armour
rPois    .         Spirit   .   (no helmet)
rElec    .         Reflect  .   (no cloak)
rCorr    .         Harm     .   (no gloves)
MR       .....                  (no boots)
Stlth    ..........             (no amulet)
HPRegen  0.10/turn              e - ring of attention (curse)
MPRegen  0.11/turn              (no ring)

@: infused
A: distributed training, fangs 1, strong nose
a: no special abilities


You were on level 2 of the Dungeon.
You were hungry.

You visited 1 branch of the dungeon, and saw 2 of its levels.

You collected 100 gold pieces.

Inventory:

Hand Weapons
 a - a +0 falchion (weapon)
Missiles
 g - 5 javelins (quivered)
Armour
 b - a +0 leather armour (worn)
Jewellery
 e - a cursed ring of attention (left hand)
Scrolls
 f - 3 scrolls of remove curse {unknown}
 j - a scroll of identify {unknown}
Potions
 i - a potion of magic {unknown}
Comestibles
 d - 3 rations


   Skills:
 + Level 4.5 Fighting
 + Level 0.7 Short Blades
 + Level 4.5 Long Blades
 + Level 0.7 Axes
 + Level 0.7 Maces & Flails
 + Level 0.7 Polearms
 + Level 0.7 Staves
 + Level 0.7 Slings
 + Level 0.7 Bows
 + Level 0.7 Crossbows
 + Level 0.7 Throwing
 + Level 2.6 Armour
 + Level 4.5 Dodging
 + Level 0.7 Stealth
 + Level 0.7 Shields
 + Level 0.7 Unarmed Combat
 + Level 5.0 Spellcasting
 + Level 0.5 Conjurations
 + Level 0.5 Hexes
 + Level 5.4 Charms
 + Level 0.5 Summonings
 + Level 0.5 Necromancy
 + Level 0.5 Translocations
 + Level 0.5 Transmutations
 + Level 0.5 Fire Magic
 + Level 0.5 Ice Magic
 + Level 0.5 Air Magic
 + Level 0.5 Earth Magic
 + Level 0.5 Poison Magic
 + Level 0.9 Invocations
 + Level 0.7 Evocations


You had 11 spell levels left.
You knew the following spells:

 Your Spells              Type           Power        Failure   Level  Hunger
a - Infusion              Chrm           ###.         1%          1    None

Your spell library contained the following spells:

 Spells                   Type           Power        Failure   Level  Hunger
 Song of Slaying          Chrm           ###.....     3%          2    #......
 Shroud of Golubria       Chrm/Tloc      ##........   9%          2    #......
 Regeneration             Chrm/Necr      ##........   17%         3    ###....
 Spectral Weapon          Hex/Chrm       ##......     17%         3    ###....


Dungeon Overview and Level Annotations

Branches:
Dungeon (2/15)

Altars:

Annotations:
D:2 Natasha


Innate Abilities, Weirdness & Mutations

Your experience applies equally to all skills.
You have very sharp teeth.
Your uncanny sense of smell can sniff out nearby items.


Message History

You hit Natasha.
Natasha is heavily wounded.
Natasha completely misses you. The kobold closely misses you.
You completely miss Natasha.
Natasha is heavily wounded.
Natasha closely misses you.
You riposte.
You hit Natasha. You bite Natasha, but do no damage.
Natasha is severely wounded.
The kobold hits you with a +0 short sword.
* * * LOW HITPOINT WARNING * * *
You hit Natasha.
Natasha is almost dead.
The kobold hits you but does no damage. Natasha claws you.
* * * LOW HITPOINT WARNING * * *
The kobold misses you.
Unknown command.
You closely miss Natasha. You bite Natasha, but do no damage.
Natasha is almost dead.
The kobold hits you with a +0 club.
You die...

.### ∆∆ ...#### ....##
.......# .....
##.....P.
###...##........
##.....#....)..P
.).#.........#
.......KK....#
#...h@.....###### ###
.......#(..........
#.#
..##...###....[..#..
#.#
.........######...##.#
#########.## #.#..#.#
#..# #.##.).. #..#
#.####.. #..#
##.##....
#..####.....#.#


You could see Natasha and 2 kobolds.

Vanquished Creatures
  An adder (D:2)
  A worm (D:2)
  4 hobgoblins
  3 kobolds (D:1)
  A quokka (D:2)
  6 bats
  A frilled lizard (D:2)
  3 goblins
  3 rats
23 creatures vanquished.

Notes
Turn   | Place    | Note
-------+----------+-------------------------------------------
     0 | D:1      | vishdafish the Gnoll Skald began the quest for the Orb.
     0 | D:1      | Reached XP level 1. HP: 20/20 MP: 6/6
   223 | D:1      | Reached XP level 2. HP: 20/26 MP: 7/7
   857 | D:2      | Reached skill level 5 in Spellcasting
   857 | D:2      | Reached XP level 3. HP: 14/31 MP: 5/9
  1035 | D:2      | Noticed Natasha
  1044 | D:2      | Slain by a kobold

Skill      XL: |  1  2 |
---------------+-------+-----
Spellcasting   | 5 |  5.0
Fighting       | |  4.5
Short Blades   | |  0.7
Long Blades    | |  4.5
Axes           | |  0.7
Maces & Flails | |  0.7
Polearms       | |  0.7
Staves         | |  0.7
Slings         | |  0.7
Bows           | |  0.7
Crossbows      | |  0.7
Throwing       | |  0.7
Armour         | |  2.6
Dodging        | |  4.5
Stealth        | |  0.7
Shields        | |  0.7
Unarmed Combat | |  0.7
Conjurations   | |  0.5
Hexes          | |  0.5
Charms         | |  5.4
Summonings     | |  0.5
Necromancy     | |  0.5
Translocations | |  0.5
Transmutations | |  0.5
Fire Magic     | |  0.5
Ice Magic      | |  0.5
Air Magic      | |  0.5
Earth Magic    | |  0.5
Poison Magic   | |  0.5
Invocations    | |  0.9
Evocations     | |  0.7

Action                   || total
-------------------------++-------
Melee: Falchion          ||    85
       Bite              ||    12
 Cast: Infusion          ||     2
  Use: Potion            ||     2
Armor: Leather armour    ||    16
       Skin              ||     3
Dodge: Dodged            ||    75
       Rpst.: Falchion   ||    20
